Workbook
Name Print_Area_0: CALC!$A$1:$L$877
Name Print_Area_0: Capa!$A$1:$J$43
Name Print_Area_0: Cronograma!$A$1:$I$57
Name Print_Area_0: Orçamento!$A$1:$K$253
Name Print_Area_0_0: CALC!$A$1:$L$877
Name Print_Area_0_0: Capa!$A$1:$J$43
Name Print_Area_0_0: Cronograma!$A$1:$I$57
Name Print_Area_0_0: Orçamento!$A$1:$K$253

Sheet Capa
C1: PREFEITURA MUNICIPAL DE SÃO DOMINGOS DO NORTE
C2: Rodovia Gether Lopes de Faria, s/n - Bairro Emilio Calegari
C3: São Domingos do Norte/ES - CEP: 29745-000
C4: Telefone: (27) 3742-0200
A18: CONSTRUÇÃO DE ESCOLA
A19: COMUNIDADE BELA VISTA
A39: São Domingos do Norte/ES, fevereiro de 2019

Sheet CALC
D1: =Capa!$C$1 -> PREFEITURA MUNICIPAL DE SÃO DOMINGOS DO NORTE
D2: =Capa!$C$2 -> Rodovia Gether Lopes de Faria, s/n - Bairro Emilio Calegari
D3: =Capa!$C$3 -> São Domingos do Norte/ES - CEP: 29745-000
A4: MEMÓRIA DE CÁLCULO
A5: OBRA: | C5: =Capa!A18 -> CONSTRUÇÃO DE ESCOLA
A6: LOCAL: | C6: =Capa!A19 -> COMUNIDADE BELA VISTA
A8: 1.0 | C8: SEVIÇOS PRELIMINARES
A9: 1.1 | D9: DEMOLIÇÕES E RETIRADAS
A10: 1.1.1 | B10: IOPES | C10: 10201 | D10: Demolição de piso cimentado inclusive lastro de concreto | L10: m²
B11: ÁREA | C11: PERÍM. | D11: X | E11: Y | F11: Z | G11: QUANT. | H11: W | I11: Vãos à Descontar | L11: TOTAL
B12: m² | C12: m | D12: Comp. | E12: Larg. | F12: Alt. | G12: und. | H12: % | I12: X | J12: Y | K12: Z
D13: 4.85 | E13: 2.85 | L13: =D13*E13 -> 13.8225
A14: TOTAL ACUMULADO | L14: =L13 -> 13.8225
A15: 1.1.2 | B15: IOPES | C15: 10209 | D15: Demolição de alvenaria | L15: m³
B16: ÁREA | C16: PERÍM. | D16: X | E16: Y | F16: Z | G16: QUANT. | H16: W | I16: Vãos à Descontar | L16: TOTAL
B17: m² | C17: m | D17: Comp. | E17: Larg. | F17: Alt. | G17: und. | H17: % | I17: X | J17: Y | K17: Z
D18: 16 | E18: 0.15 | F18: 3 | L18: =D18*E18*F18 -> 7.2
A19: TOTAL ACUMULADO | L19: =L18 -> 7.2
A20: 1.1.3 | B20: IOPES | C20: 10324 | D20: Retirada de cobertura em telha canalete 90 | L20: m²
B21: ÁREA | C21: PERÍM. | D21: X | E21: Y | F21: Z | G21: QUANT. | H21: W | I21: Vãos à Descontar | L21: TOTAL
B22: m² | C22: m | D22: Comp. | E22: Larg. | F22: Alt. | G22: und. | H22: % | I22: X | J22: Y | K22: Z
D23: 4.85 | E23: 2.85 | L23: =D23*E23 -> 13.8225
A24: TOTAL ACUMULADO | L24: =L23 -> 13.8225
A25: 1.1.4 | B25: IOPES | C25: 10325 | D25: Demolição de estrutura de madeira para telhado m2 23,56 | L25: m²
B26: ÁREA | C26: PERÍM. | D26: X | E26: Y | F26: Z | G26: QUANT. | H26: W | I26: Vãos à Descontar | L26: TOTAL
B27: m² | C27: m | D27: Comp. | E27: Larg. | F27: Alt. | G27: und. | H27: % | I27: X | J27: Y | K27: Z
D28: 4.85 | E28: 2.85 | L28: =D28*E28 -> 13.8225
A29: TOTAL ACUMULADO | L29: =L28 -> 13.8225
A30: 1.2 | D30: LIMPEZA DO TERRENO
A31: 1.2.1 | B31: IOPES | C31: 10402 | D31: Raspagem e limpeza do terreno (manual) | L31: m²
B32: ÁREA | C32: PERÍM. | D32: X | E32: Y | F32: Z | G32: QUANT. | H32: W | I32: Vãos à Descontar | L32: TOTAL
B33: m² | C33: m | D33: Comp. | E33: Larg. | F33: Alt. | G33: und. | H33: % | I33: X | J33: Y | K33: Z
B34: 177.69 | L34: =B34 -> 177.69
A35: TOTAL ACUMULADO | L35: =B34 -> 177.69
A36: 1.3 | D36: LOCAÇÃO
A37: 1.3.1 | B37: IOPES | C37: 10501 | D37: Locação de obra com gabarito de madeira | L37: m²
B38: ÁREA | C38: PERÍM. | D38: X | E38: Y | F38: Z | G38: QUANT. | H38: W | I38: Vãos à Descontar | L38: TOTAL
B39: m² | C39: m | D39: Comp. | E39: Larg. | F39: Alt. | G39: und. | H39: % | I39: X | J39: Y | K39: Z
B40: 134.19 | L40: =B40 -> 134.19
A41: TOTAL ACUMULADO | L41: =B40 -> 134.19
A42: 2.0 | C42: INSTALAÇÃO DO CANTEIRO DE OBRAS
A43: 2.1 | D43: TAPUMES, BARRACÕES E COBERTURAS
A44: 2.1.1 | B44: IOPES | C44: 20305 | D44: Placa de obra nas dimensões de 2.0 x 4.0 m, padrão IOPES | L44: m²
B45: ÁREA | C45: PERÍM. | D45: X | E45: Y | F45: Z | G45: QUANT. | H45: W | I45: Vãos à Descontar | L45: TOTAL
B46: m² | C46: m | D46: Comp. | E46: Larg. | F46: Alt. | G46: und. | H46: % | I46: X | J46: Y | K46: Z
E47: 4 | F47: 2 | L47: =E47*F47 -> 8
A48: TOTAL ACUMULADO | L48: =L47 -> 8
A49: 2.2 | D49: INSTALAÇÃO DO CANTEIRO DE OBRAS (UTILIZAÇÃO 2 VEZES), PROJETO PADRÃO LABOR - NR.18 (OBRAS COM PRAZO DE EXECUÇÃO DE 6 A 12 MESES)
A50: 2.2.1 | B50: IOPES | C50: 20801 | D50: Barracão para escritório com sanitário área 14.50m2, de chapa de compens. 12mm e pontalete 8x8cm, piso cimentado e cobertura de telha de fibroc. 6mm, incl. ponto de luz e cx. de inspeção, conf. projeto (2 utilizações) | L50: m²
B51: ÁREA | C51: PERÍM. | D51: X | E51: Y | F51: Z | G51: QUANT. | H51: W | I51: Vãos à Descontar | L51: TOTAL
B52: m² | C52: m | D52: Comp. | E52: Larg. | F52: Alt. | G52: und. | H52: % | I52: X | J52: Y | K52: Z
B53: 14.5 | L53: 14.5
A54: TOTAL ACUMULADO | L54: 14.5
A55: 2.2.2 | B55: IOPES | C55: 20802 | D55: Barracão para almoxarifado área de 10.90m2, de chapa de compensado 12mm e pontaletes 8x8cm, piso cimentado e cobertura de telha de fibrocimento de 6mm, inclusive ponto de luz, conf. projeto (2 utilizações) | L55: m²
B56: ÁREA | C56: PERÍM. | D56: X | E56: Y | F56: Z | G56: QUANT. | H56: W | I56: Vãos à Descontar | L56: TOTAL
B57: m² | C57: m | D57: Comp. | E57: Larg. | F57: Alt. | G57: und. | H57: % | I57: X | J57: Y | K57: Z
B58: 10.9 | L58: 10.9
A59: TOTAL ACUMULADO | L59: 10.9
A60: 3.0 | C60: MOVIMENTO DE TERRA
A61: 3.1 | D61: ESCAVAÇÕES
A62: 3.1.1 | B62: IOPES | C62: 30104 | D62: Escavação mecânica em material de 2a. Categoria | L62: m³
B63: ÁREA | C63: PERÍM. | D63: X | E63: Y | F63: Z | G63: QUANT. | H63: W | I63: Vãos à Descontar | L63: TOTAL
B64: m² | C64: m | D64: Comp. | E64: Larg. | F64: Alt. | G64: und. | H64: % | I64: X | J64: Y | K64: Z
A65: TRAVAMENTO | D65: 30 | E65: 0.6 | F65: 0.4 | G65: 1 | L65: =D65*E65*F65*G65 -> 7.2
A66: SAPATA | D66: 0.8 | E66: 0.8 | F66: 1 | G66: 9 | L66: =D66*E66*F66*G66 -> 5.76
A67: TOTAL ACUMULADO | L67: =SUM(L65:L66) -> 12.96
A68: 3.1.2 | B68: IOPES | C68: 30119 | D68: Apiloamento do fundo de vala com maço de 30 a 60kg | L68: m²
B69: ÁREA | C69: PERÍM. | D69: X | E69: Y | F69: Z | G69: QUANT. | H69: W | I69: Vãos à Descontar | L69: TOTAL
B70: m² | C70: m | D70: Comp. | E70: Larg. | F70: Alt. | G70: und. | H70: % | I70: X | J70: Y | K70: Z
A71: SAPATA | D71: 0.8 | E71: 0.8 | G71: 9 | L71: =D71*E71*G71 -> 5.76
A72: TOTAL ACUMULADO | L72: =L71 -> 5.76
A73: 3.1.3 | B73: DER ES | C73: 40223 | D73: Escavação e carga de material de 3ª categoria (H bancada >1,0 m) | L73: m³
B74: ÁREA | C74: PERÍM. | D74: X | E74: Y | F74: Z | G74: QUANT. | H74: W | I74: Vãos à Descontar | L74: TOTAL
B75: m² | C75: m | D75: Comp. | E75: Larg. | F75: Alt. | G75: und. | H75: % | I75: X | J75: Y | K75: Z
A76: TRAVAMENTO | D76: 35 | E76: 0.6 | F76: 0.4 | G76: 1 | L76: =D76*E76*F76*G76 -> 8.4
A77: SAPATA | D77: 0.8 | E77: 0.8 | F77: 1 | G77: 8 | L77: =D77*E77*F77*G77 -> 5.12
A78: TOTAL ACUMULADO | L78: =SUM(L76:L77) -> 13.52
A79: 3.1.4 | B79: DER ES | C79: 40394 | D79: Perfuração de rocha para fixação de chumbadores | L79: m
B80: ÁREA | C80: PERÍM. | D80: X | E80: Y | F80: Z | G80: QUANT. | H80: W | I80: Vãos à Descontar | L80: TOTAL
B81: m² | C81: m | D81: Comp. | E81: Larg. | F81: Alt. | G81: und. | H81: % | I81: X | J81: Y | K81: Z
A82: SAPATA | F82: 1 | G82: 20 | L82: =F82*G82 -> 20
A83: TOTAL ACUMULADO | L83: =L82 -> 20
A84: 4.0 | C84: ESTRUTURAS
A85: 4.1 | D85: INFRA-ESTRUTURA (FUNDAÇÃO)
A86: 4.1.1 | B86: IOPES | C86: 40206 | D86: Fôrma de tábua de madeira de 2.5 x 30.0 cm para fundações, levando-se em conta a utilização 5 vezes (incluido o material, corte, montagem, escoramento e desforma) | L86: m²
B87: ÁREA | C87: PERÍM. | D87: X | E87: Y | F87: Z | G87: QUANT. | H87: W | I87: Vãos à Descontar | L87: TOTAL
B88: m² | C88: m | D88: Comp. | E88: Larg. | F88: Alt. | G88: und. | H88: % | I88: X | J88: Y | K88: Z
A89: BALDRAME | D89: 63.72 | E89: 0.15 | F89: 0.3 | G89: 1 | L89: =D89*E89*F89*G89 -> 2.8674
A90: SAPATA | D90: 0.8 | E90: 0.8 | F90: 0.4 | G90: =7+9 -> 16 | L90: =D90*E90*F90*G90 -> 4.096
A91: PILAR | D91: 0.15 | E91: 0.25 | F91: 1 | G91: 16 | L91: =D91*E91*F91*G91 -> 0.6
A92: TOTAL ACUMULADO | L92: =SUM(L89:L91) -> 7.5634
A93: 4.1.2 | B93: IOPES | C93: 40231 | D93: Fornecimento, preparo e aplicação de concreto magro com consumo mínimo de cimento de 250 kg/m3 (brita 1 e 2) - (5% de perdas já incluído no custo) | L93: m³
B94: ÁREA | C94: PERÍM. | D94: X | E94: Y | F94: Z | G94: QUANT. | H94: W | I94: Vãos à Descontar | L94: TOTAL
B95: m² | C95: m | D95: Comp. | E95: Larg. | F95: Alt. | G95: und. | H95: % | I95: X | J95: Y | K95: Z
A96: BALDRAME | D96: 63.72 | E96: 0.4 | F96: 0.08 | G96: 1 | L96: =D96*E96*F96*G96 -> 2.03904
A97: SAPATA | D97: 0.8 | E97: 0.8 | F97: 0.1 | G97: 16 | L97: =D97*E97*F97*G97 -> 1.024
A98: TOTAL ACUMULADO | L98: =SUM(L96:L97) -> 3.06304
A99: 4.1.3 | B99: IOPES | C99: 40239 | D99: Fornecimento e aplicação de concreto USINADO Fck=20 MPa - considerando lançamento MANUAL para INFRA-ESTRUTURA (5% de perdas já incluído no custo) | L99: m³
B100: ÁREA | C100: PERÍM. | D100: X | E100: Y | F100: Z | G100: QUANT. | H100: W | I100: Vãos à Descontar | L100: TOTAL
B101: m² | C101: m | D101: Comp. | E101: Larg. | F101: Alt. | G101: und. | H101: % | I101: X | J101: Y | K101: Z
...

Sheet Orçamento
D1: =Capa!$C$1 -> PREFEITURA MUNICIPAL DE SÃO DOMINGOS DO NORTE
D2: =Capa!$C$2 -> Rodovia Gether Lopes de Faria, s/n - Bairro Emilio Calegari
D3: =Capa!$C$3 -> São Domingos do Norte/ES - CEP: 29745-000
A4: PLANILHA ORÇAMENTÁRIA DE CUSTOS
A5: OBRA: | C5: =Capa!A18 -> CONSTRUÇÃO DE ESCOLA | H5: DATA BASE | I5: Set./2019 | J5: BDI ADOTADO | K5: 0.309
A6: LOCAL: | C6: =Capa!A19 -> COMUNIDADE BELA VISTA
A7: ITEM | B7: REFERÊNCIA | D7: DESCRIÇÃO | E7: UNID. | F7: QUANT. | G7: UNITÁRIO DE REFERÊNCIA COM BDI | H7: BDI REFERÊNCIA | I7: UNITÁRIO DE REFERÊNCIA SEM BDI | J7: UNITÁRIO COM BDI ADOTADO | K7: PREÇO TOTAL
A8: 1.0 | D8: =#REF! -> #REF!
A9: 1.1 | D9: =CALC!D9 -> DEMOLIÇÕES E RETIRADAS
A10: 1.1.1 | B10: IOPES | C10: =CALC!C10 -> 10201 | D10: Demolição de piso cimentado inclusive lastro de concreto | E10: m² | F10: =CALC!L14 -> 13.8225 | G10: 20.84 | H10: 0.309 | I10: =G10/(1+H10) -> 15.92055 | J10: =I10*(1+$K$5) -> 20.84 | K10: =F10*J10 -> 288.0609
A11: 1.1.1 | B11: IOPES | C11: =CALC!C15 -> 10209 | D11: Demolição de alvenaria | E11: m³ | F11: =CALC!L19 -> 7.2 | G11: 48.09 | H11: 0.309 | I11: =G11/(1+H11) -> 36.737968 | J11: =I11*(1+$K$5) -> 48.09 | K11: =F11*J11 -> 346.248
A12: 1.1.1 | B12: IOPES | C12: =CALC!C20 -> 10324 | D12: Retirada de cobertura em telha canalete 90 | E12: m² | F12: =CALC!L24 -> 13.8225 | G12: 7.07 | H12: 0.309 | I12: =G12/(1+H12) -> 5.4010695 | J12: =I12*(1+$K$5) -> 7.07 | K12: =F12*J12 -> 97.725075
A13: 1.1.1 | B13: IOPES | C13: =CALC!C25 -> 10325 | D13: Demolição de estrutura de madeira para telhado m2 23,56 | E13: m² | F13: =CALC!L29 -> 13.8225 | G13: 23.56 | H13: 0.309 | I13: =G13/(1+H13) -> 17.998472 | J13: =I13*(1+$K$5) -> 23.56 | K13: =F13*J13 -> 325.6581
A14: 1.1 | D14: LIMPEZA DO TERRENO
A15: 1.1.1 | B15: IOPES | C15: 10402 | D15: Raspagem e limpeza do terreno (manual) | E15: m² | F15: =CALC!L35 -> 177.69 | G15: 3.53 | H15: 0.309 | I15: =G15/(1+H15) -> 2.696715 | J15: =I15*(1+$K$5) -> 3.53 | K15: =F15*J15 -> 627.2457
A16: 1.2 | D16: LOCAÇÃO
A17: 1.2.1 | B17: IOPES | C17: 10501 | D17: Locação de obra com gabarito de madeira | E17: m² | F17: =CALC!L41 -> 134.19 | G17: 20.29 | H17: 0.309 | I17: =G17/(1+H17) -> 15.500382 | J17: =I17*(1+$K$5) -> 20.29 | K17: =F17*J17 -> 2722.7151
A18: SUBTOTAL | K18: =SUM(K10:K17) -> 4407.6529
A19: 2.0 | D19: INSTALAÇÃO DO CANTEIRO DE OBRAS
A20: 2.1 | D20: TAPUMES, BARRACÕES E COBERTURAS
A21: 2.1.1 | B21: IOPES | C21: 20305 | D21: Placa de obra nas dimensões de 2.0 x 4.0 m, padrão IOPES | E21: m² | F21: =CALC!L48 -> 8 | G21: 277.46 | H21: 0.309 | I21: =G21/(1+H21) -> 211.96333 | J21: =I21*(1+$K$5) -> 277.46 | K21: =F21*J21 -> 2219.68
A22: 2.2 | D22: INSTALAÇÃO DO CANTEIRO DE OBRAS
A23: 2.2.1 | B23: IOPES | C23: 20801 | D23: Barracão para escritório com sanitário área 14.50m2, de chapa de compens. 12mm e pontalete 8x8cm, piso cimentado e cobertura de telha de fibroc. 6mm, incl. ponto de luz e cx. de inspeção, conf. projeto (2 utilizações) | E23: m² | F23: =CALC!L54 -> 14.5 | G23: 467.76 | H23: 0.309 | I23: =G23/(1+H23) -> 357.34148 | J23: =I23*(1+$K$5) -> 467.76 | K23: =F23*J23 -> 6782.52
A24: 2.2.2 | B24: IOPES | C24: 20802 | D24: Barracão para almoxarifado área de 10.90m2, de chapa de compensado 12mm e pontaletes 8x8cm, piso cimentado e cobertura de telha de fibrocimento de 6mm, inclusive ponto de luz, conf. projeto (2 utilizações) | E24: m² | F24: =CALC!L59 -> 10.9 | G24: 328.35 | H24: 0.309 | I24: =G24/(1+H24) -> 250.84034 | J24: =I24*(1+$K$5) -> 328.35 | K24: =F24*J24 -> 3579.015
A25: SUBTOTAL | K25: =SUM(K21:K24) -> 12581.215
A26: 3.0 | D26: MOVIMENTO DE TERRA
A27: 3.1 | D27: ESCAVAÇÕES
A28: 3.1.1 | B28: IOPES | C28: =CALC!C62 -> 30104 | D28: Escavação mecânica em material de 2a. Categoria | E28: =CALC!L62 -> m³ | F28: =CALC!L67 -> 12.96 | G28: 18.29 | H28: 0.309 | I28: =G28/(1+H28) -> 13.972498 | J28: =I28*(1+$K$5) -> 18.29 | K28: =J28*F28 -> 237.0384
A29: 3.1.2 | B29: IOPES | C29: =CALC!C68 -> 30119 | D29: Apiloamento do fundo de vala com maço de 30 a 60kg | E29: =CALC!L68 -> m² | F29: =CALC!L72 -> 5.76 | G29: 23.99 | H29: 0.309 | I29: =G29/(1+H29) -> 18.326967 | J29: =I29*(1+$K$5) -> 23.99 | K29: =J29*F29 -> 138.1824
A30: 3.1.3 | B30: =CALC!B73 -> DER ES | C30: =CALC!C73 -> 40223 | D30: Escavação e carga de material de 3ª categoria (H bancada >1,0 m) | E30: =CALC!L73 -> m³ | F30: =CALC!L78 -> 13.52 | G30: 46.56 | H30: 0 | I30: =G30/(1+H30) -> 46.56 | J30: =I30*(1+$K$5) -> 60.94704 | K30: =J30*F30 -> 824.00398
A31: 3.1.4 | B31: DER ES | C31: 40394 | D31: Perfuração de rocha para fixação de chumbadores | E31: m | F31: =CALC!L83 -> 20 | G31: 23.72 | H31: 0 | I31: =G31/(1+H31) -> 23.72 | J31: =I31*(1+$K$5) -> 31.04948 | K31: =J31*F31 -> 620.9896
A32: SUBTOTAL | K32: =SUM(K28:K31) -> 1820.2144
A33: 4.0 | D33: ESTRUTURAS
A34: 4.1 | D34: INFRA-ESTRUTURA (FUNDAÇÃO)
A35: 4.1.1 | B35: IOPES | C35: 40206 | D35: Fôrma de tábua de madeira de 2.5 x 30.0 cm para fundações, levando-se em conta a utilização 5 vezes (incluido o material, corte, montagem, escoramento e desforma) | E35: m² | F35: =CALC!L92 -> 7.5634 | G35: 114.34 | H35: 0.309 | I35: =G35/(1+H35) -> 87.349121 | J35: =I35*(1+$K$5) -> 114.34 | K35: =J35*F35 -> 864.79916
A36: 4.1.2 | B36: IOPES | C36: 40231 | D36: Fornecimento, preparo e aplicação de concreto magro com consumo mínimo de cimento de 250 kg/m3 (brita 1 e 2) - (5% de perdas já incluído no custo) | E36: m³ | F36: =CALC!L98 -> 3.06304 | G36: 496.79 | H36: 0.309 | I36: =G36/(1+H36) -> 379.51872 | J36: =I36*(1+$K$5) -> 496.79 | K36: =J36*F36 -> 1521.6876
A37: 4.1.3 | B37: IOPES | C37: 40239 | D37: Fornecimento e aplicação de concreto USINADO Fck=20 MPa - considerando lançamento MANUAL para INFRA-ESTRUTURA (5% de perdas já incluído no custo) | E37: m³ | F37: =CALC!L105 -> 7.5634 | G37: 438.14 | H37: 0.309 | I37: =G37/(1+H37) -> 334.71352 | J37: =I37*(1+$K$5) -> 438.14 | K37: =J37*F37 -> 3313.8281
A38: 4.1.4 | B38: IOPES | C38: 40243 | D38: Fornecimento, dobragem e colocação em fôrma, de armadura CA-50 A média, diâmetro de 6.3 a 10.0 mm | E38: kg | F38: =CALC!L110 -> 1.51268 | G38: 8.76 | H38: 0.309 | I38: =G38/(1+H38) -> 6.6921314 | J38: =I38*(1+$K$5) -> 8.76 | K38: =J38*F38 -> 13.251077
A39: 4.1.5 | B39: IOPES | C39: 40245 | D39: Fornecimento, dobragem e colocação em fôrma, de armadura CA-50 A grossa diâmetro de 12.5 a 25.0 mm | E39: kg | F39: =CALC!L115 -> 6.05072 | G39: 9.08 | H39: 0.309 | I39: =G39/(1+H39) -> 6.9365928 | J39: =I39*(1+$K$5) -> 9.08 | K39: =J39*F39 -> 54.940538
A40: 4.2 | D40: SUPER-ESTRUTURA
A41: 4.2.1 | B41: IOPES | C41: 40329 | D41: Fornecimento e aplicação de concreto USINADO Fck=20 MPa - considerando BOMBEAMENTO (5% de perdas já incluído no custo) (6% de taxa p/concr.bombeavel) | E41: m³ | F41: =CALC!L122 -> 4.190625 | G41: 369.69 | H41: 0.309 | I41: =G41/(1+H41) -> 282.4217 | J41: =I41*(1+$K$5) -> 369.69 | K41: =J41*F41 -> 1549.2322
A42: 4.2.2 | B42: IOPES | C42: 40332 | D42: Fornecimento, dobragem e colocação em fôrma, de armadura CA-50 A grossa, diâmetro de 12.5 a 25.0mm | E42: kg | F42: =CALC!L127 -> 2.514375 | G42: 9.08 | H42: 0.309 | I42: =G42/(1+H42) -> 6.9365928 | J42: =I42*(1+$K$5) -> 9.08 | K42: =J42*F42 -> 22.830525
A43: 4.2.3 | B43: IOPES | C43: 40333 | D43: Fornecimento, dobragem e colocação em fôrma, de armadura CA-60 B fina, diâmetro de 4.0 a 7.0mm | E43: kg | F43: =CALC!L132 -> 0.838125 | G43: 8.81 | H43: 0.309 | I43: =G43/(1+H43) -> 6.7303285 | J43: =I43*(1+$K$5) -> 8.81 | K43: =J43*F43 -> 7.3838813
A44: 4.2.4 | B44: IOPES | C44: 40337 | D44: Fôrma em chapa de madeira compensada plastificada 12mm para estrutura em geral, 5 reaproveitamentos, reforçada com sarrafos de madeira 2.5x10cm (incl material, corte, montagem, escoras em eucalipto e desforma) | E44: m² | F44: =CALC!L138 -> 4.190625 | G44: 142.13 | H44: 0.309 | I44: =G44/(1+H44) -> 108.57907 | J44: =I44*(1+$K$5) -> 142.13 | K44: =J44*F44 -> 595.61353
A45: 4.3 | D45: LAJES PRÉ-MOLDADAS
A46: 4.3.1 | B46: IOPES | C46: 40602 | D46: Laje pré-fabricada treliçada, sobrecarga 300 Kg/m2, vão de 3.5m a 4.3m, capeamento 4cm, esp. 12cm, Fck= 150 Kg/cm2 | E46: m² | F46: =CALC!L144 -> 9.74 | G46: 114.77 | H46: 0.309 | I46: =G46/(1+H46) -> 87.677617 | J46: =I46*(1+$K$5) -> 114.77 | K46: =J46*F46 -> 1117.8598
A47: SUBTOTAL | K47: =SUM(K35:K46) -> 9061.4264
A48: 5.0 | D48: PAREDES E PAINÉIS
A49: 5.1 | D49: VERGAS/CONTRAVERGA
A50: 5.1.1 | B50: IOPES | C50: 50301 | D50: Verga/contraverga reta de concreto armado 10 x 5 cm, Fck = 15 MPa, inclusive forma, armação e desforma | E50: m | F50: =CALC!L156 -> 53.2 | G50: 10.8 | H50: 0.309 | I50: =G50/(1+H50) -> 8.250573 | J50: =I50*(1+$K$5) -> 10.8 | K50: =J50*F50 -> 574.56
A51: 5.2 | D51: ALVENARIA ESTRUTURAL
A52: 5.2.1 | B52: IOPES | C52: 50501 | D52: Alvenaria de blocos de concreto estrut. (14x19x39cm) cheios, c/ resist. mín. compr. 15MPa, assentados c/ arg. de cimento e areia no traço 1:4, esp. juntas 10mm e esp. da parede s/ revest. 14cm | E52: m² | F52: =CALC!L163 -> 98.904 | G52: 93.79 | H52: 0.309 | I52: =G52/(1+H52) -> 71.650115 | J52: =I52*(1+$K$5) -> 93.79 | K52: =J52*F52 -> 9276.2062
A53: 5.3 | D53: ALVENARIA DE VEDAÇÃO EMPREGANDO ARGAMASSA DE CIMENTO, CAL E AREIA
A54: 5.3.1 | B54: IOPES | C54: 50606 | D54: Alvenaria de blocos cerâmicos 10 furos 10x20x20cm, assentados c/argamassa de cimento, cal hidratada CH1 e areia traço 1:0,5:8, esp. das juntas 12mm e esp. das paredes s/revestimento, 10cm (bloco comprado na fábrica, posto obra) | E54: m² | F54: =CALC!L177 -> 265.43 | G54: 50.25 | H54: 0.309 | I54: =G54/(1+H54) -> 38.388083 | J54: =I54*(1+$K$5) -> 50.25 | K54: =J54*F54 -> 13337.858
A55: SUBTOTAL | K55: =SUM(K50:K54) -> 23188.624
A56: 6.0 | D56: ESQUADRIAS DE MADEIRA
A57: 6.1 | D57: MARCOS E ALIZARES
A58: 6.1.1 | B58: IOPES | C58: 60108 | D58: Marco de madeira de lei de 1ª (Peroba, Ipê, Angelim Pedra ou equivalente) com 15 x 3 cm de batente, nas dimensões de 0.90 x 2.10 m | E58: und. | F58: =CALC!L184 -> 2 | G58: 258.62 | H58: 0.309 | I58: =G58/(1+H58) -> 197.57066 | J58: =I58*(1+$K$5) -> 258.62 | K58: =J58*F58 -> 517.24
A59: 6.2 | D59: MARCOS E ALIZARESPORTA EM MADEIRA DE LEI TIPO ANGELIM PEDRA OU EQUIV.C/ENCHIMENTO EM MADEIRA 1A.QUALIDADE ESP. 30MM P/ PINTURA, INCLUSIVE ALIZARES, DOBRADIÇAS E FECHADURA EXTERNA, EXCLUSIVE MARCO
A60: 6.2.1 | B60: IOPES | C60: 61304 | D60: 0.90 x 2.10 m | E60: und. | F60: =CALC!L190 -> 2 | G60: 880.81 | H60: 0.309 | I60: =G60/(1+H60) -> 672.8877 | J60: =I60*(1+$K$5) -> 880.81 | K60: =J60*F60 -> 1761.62
A61: SUBTOTAL | K61: =SUM(K58:K60) -> 2278.86
A62: 7.0 | D62: ESQUADRIAS METÁLICAS
A63: 7.1 | D63: ESQUADRIAS METÁLICAS (M2)
A64: 7.1.1 | B64: IOPES | C64: 71103 | D64: Grade de tela tipo mosquiteiro de arame galvanizado #18, fio 32, inclusive, requadro em cantoneira de ferro 1/8"x1/2"x1/2" | E64: m² | F64: =CALC!L197 -> 2.2 | G64: 446.67 | H64: 0.309 | I64: =G64/(1+H64) -> 341.22995 | J64: =I64*(1+$K$5) -> 446.67 | K64: =J64*F64 -> 982.674
A65: 7.1.2 | B65: IOPES | C65: 71104 | D65: Portão de ferro de abrir em barra chata, inclusive chumbamento | E65: m² | F65: =CALC!L202 -> 5.25 | G65: 446.67 | H65: 0.309 | I65: =G65/(1+H65) -> 341.22995 | J65: =I65*(1+$K$5) -> 446.67 | K65: =J65*F65 -> 2345.0175
A66: 7.1.3 | B66: IOPES | C66: 71105 | D66: Grade de ferro em barra chata, inclusive chumbamento | E66: m² | F66: =CALC!L208 -> 24.867 | G66: 270.95 | H66: 0.309 | I66: =G66/(1+H66) -> 206.99007 | J66: =I66*(1+$K$5) -> 270.95 | K66: =J66*F66 -> 6737.7136
A67: 7.2 | D67: ESQUADRIAS METÁLICAS (M2)
A68: 7.2.1 | B68: IOPES | C68: 71701 | D68: Janela de correr para vidro em alumínio anodizado cor natural, linha 25, completa, incl. puxador com tranca,alizar, caixilho e contramarco, exclusive vidro | E68: m² | F68: =CALC!L215 -> 15.88 | G68: 102.29 | H68: 0.309 | I68: =G68/(1+H68) -> 78.143621 | J68: =I68*(1+$K$5) -> 102.29 | K68: =J68*F68 -> 1624.3652
A69: 7.2.2 | B69: IOPES | C69: 71703 | D69: Janela tipo maxim-ar para vidro em alumínio anodizado natural, linha 25, completa, incl. puxador com tranca, caixilho, alizar e contramarco, exclusive vidro | E69: m² | F69: =CALC!L221 -> 1.38 | G69: 356.3 | H69: 0.309 | I69: =G69/(1+H69) -> 272.19251 | J69: =I69*(1+$K$5) -> 356.3 | K69: =J69*F69 -> 491.694
A70: 7.2.3 | B70: IOPES | C70: 71704 | D70: Porta de abrir tipo veneziana em alumínio anodizado, linha 25, completa, incl. puxador com tranca, caixilho, alizar e contramarco | E70: m² | F70: =CALC!L227 -> 9.24 | G70: 711.59 | H70: 0.309 | I70: =G70/(1+H70) -> 543.61345 | J70: =I70*(1+$K$5) -> 711.59 | K70: =J70*F70 -> 6575.0916
A71: SUBTOTAL | K71: =SUM(K64:K70) -> 18756.556
A72: 8.0 | D72: VIDROS E ESPELHOS
A73: 8.1 | D73: VIDROS PARA ESQUADRIAS
A74: 8.1.1 | B74: IOPES | C74: 80102 | D74: Vidro plano transparente liso, com 4 mm de espessura | E74: m² | F74: =CALC!L236 -> 17.26 | G74: 129.51 | H74: 0.309 | I74: =G74/(1+H74) -> 98.938121 | J74: =I74*(1+$K$5) -> 129.51 | K74: =J74*F74 -> 2235.3426
A75: 8.2 | D75: ESPELHOS
A76: 8.2.1 | B76: IOPES | C76: 80201 | D76: Espelho para banheiros espessura 4 mm, incluindo chapa compensada 10 mm, moldura de alumínio em perfil L 3/4", fixado com parafusos cromadoso | E76: m² | F76: =CALC!L242 -> 0.95 | G76: 489.42 | H76: 0.309 | I76: =G76/(1+H76) -> 373.88846 | J76: =I76*(1+$K$5) -> 489.42 | K76: =J76*F76 -> 464.949
A77: SUBTOTAL | K77: =SUM(K74:K76) -> 2700.2916
A78: 9.0 | D78: SISTEMAS DE COBERTURA
A79: 9.1 | D79: ESTRUTURA METÁLICA DIVERSAS
A80: 9.2.1 | B80: SINAPI | C80: 92580 | D80: Trama de aço composta por terças para telhados de até 2 águas para telha ondulada de fibrocimento, metálica, plástica ou termoacústica, incluso transporte vertical. Af 12/2015 | E80: m² | F80: 160.78 | G80: 34.6 | H80: 0 | I80: =G80/(1+H80) -> 34.6 | J80: =I80*(1+$K$5) -> 45.2914 | K80: =F80*J80 -> 7281.9513
A81: 9.2.1 | B81: SINAPI | C81: 92602 | D81: Fabricação e instalação de tesoura inteira em aço, vão de 3 m, para telha ondulada de fibrocimento, metálica, plástica ou termoacústica, incluso içamento.. af_12/2015 | E81: und | F81: 2 | G81: 503.12 | H81: 0 | I81: =G81/(1+H81) -> 503.12 | J81: =I81*(1+$K$5) -> 658.58408 | K81: =F81*J81 -> 1317.1682
A82: 9.2.1 | B82: SINAPI | C82: 92620 | D82: Fabricação e instalação de tesoura inteira em aço, vão de 12 m, para telha ondulada de fibrocimento, metálica, plástica ou termoacústica, cluso içamento. af_12/2015 | E82: und | F82: 3 | G82: 1448.66 | H82: 0 | I82: =G82/(1+H82) -> 1448.66 | J82: =I82*(1+$K$5) -> 1896.2959 | K82: =F82*J82 -> 5688.8878
A83: 9.3 | D83: TELHADO
A84: 9.3.1 | B84: IOPES | C84: 90220 | D84: Telha em aço galvanizado trapezoidal 40, e=0.50mm, pintura cor branca nas duas faces, inclusive acessório de fixação, ref. Stanto André, Eternit, Metform ou equivalente | E84: m² | F84: =CALC!L265 -> 160.78 | G84: 62.57 | H84: 0.309 | I84: =G84/(1+H84) -> 47.799847 | J84: =I84*(1+$K$5) -> 62.57 | K84: =F84*J84 -> 10060.005
A85: SUBTOTAL | K85: =SUM(K79:K84) -> 24348.012
A86: 10.0 | D86: IMPERMEABILIZAÇÃO
A87: 10.1 | D87: IMPERMEABILIZAÇÃO CALHAS, LAJES DESCOBERTAS, BALDRAMES, PAREDES E JARDINEIRAS
A88: 10.1.1 | B88: IOPES | C88: 100203 | D88: Pintura impermeabilizante com igolflex ou equivalente a 3 demãos | E88: m² | F88: =CALC!L273 -> 144.5 | G88: 40.17 | H88: 0.309 | I88: =G88/(1+H88) -> 30.687548 | J88: =I88*(1+$K$5) -> 40.17 | K88: =F88*J88 -> 5804.565
A89: SUBTOTAL | K89: =SUM(K88) -> 5804.565
A90: 11.0 | D90: TETOS E FORROS
A91: 11.1 | D91: REVESTIMENTO COM ARGAMASSA
A92: 11.1.1 | B92: IOPES | C92: 110101 | D92: Chapisco com argamassa de cimento e areia média ou grossa lavada no traço 1:3, espessura 5 mm | E92: m² | F92: =CALC!L281 -> 7.52 | G92: 11.1 | H92: 0.309 | I92: =G92/(1+H92) -> 8.4797555 | J92: =I92*(1+$K$5) -> 11.1 | K92: =F92*J92 -> 83.472
A93: 11.2 | D93: REBAIXAMENTOS
A94: 11.2.1 | B94: IOPES | C94: 110201 | D94: Forro de gesso acabamento tipo liso | E94: m² | F94: =CALC!L290 -> 24.29 | G94: 35.06 | H94: 0.309 | I94: =G94/(1+H94) -> 26.783804 | J94: =I94*(1+$K$5) -> 35.06 | K94: =F94*J94 -> 851.6074
A95: 11.2.2 | B95: IOPES | C95: 110210 | D95: Forro PVC branco L = 20 cm, frisado, colocado | E95: m² | F95: =CALC!L297 -> 89.8 | G95: 57.16 | H95: 0.309 | I95: =G95/(1+H95) -> 43.666921 | J95: =I95*(1+$K$5) -> 57.16 | K95: =F95*J95 -> 5132.968
A96: 11.3 | D96: REVESTIMENTO EMPREGANDO ARGAMASSA DE CIMENTO, CAL E AREIA
A97: 11.3.1 | B97: IOPES | C97: 110301 | D97: Emboço de argamassa de cimento, cal hidratada CH1 e areia lavada traço 1:0.5:6, espessura 20 mm | E97: m² | F97: =CALC!L306 -> 79.976 | G97: 31.02 | H97: 0.309 | I97: =G97/(1+H97) -> 23.697479 | J97: =I97*(1+$K$5) -> 31.02 | K97: =F97*J97 -> 2480.8555
A98: 11.3.2 | B98: IOPES | C98: 110302 | D98: Reboco tipo paulista de argamassa de cimento, cal hidratada CH1 e areia lavada traço 1:0.5:6, espessura 25 mm | E98: m² | F98: =CALC!L311 -> 285.034 | G98: 53.63 | H98: 0.309 | I98: =G98/(1+H98) -> 40.970206 | J98: =I98*(1+$K$5) -> 53.63 | K98: =F98*J98 -> 15286.373
A99: SUBTOTAL | K99: =SUM(K92:K98) -> 23835.276
A100: 12.0 | D100: REVESTIMENTO DE PAREDES
...

Sheet Cronograma
F1: =Capa!$C$1 -> PREFEITURA MUNICIPAL DE SÃO DOMINGOS DO NORTE
F2: =Capa!$C$2 -> Rodovia Gether Lopes de Faria, s/n - Bairro Emilio Calegari
F3: =Capa!$C$3 -> São Domingos do Norte/ES - CEP: 29745-000
A4: CRONOGRAMA FÍSICO-FINANCEIRO
A5: OBRA: | B5: =#REF! -> #REF! | K5: PRAZO DA OBRA: 240 DIAS
A6: LOCAL: | B6: =#REF! -> #REF!
A7: ITEM | B7: ETAPAS/DESCRIÇÃO | D7: FÍSICO/ FINANCEIRO | E7: TOTAL ETAPAS | F7: MÊS 1 | G7: MÊS 2 | H7: MÊS 3 | I7: MÊS 4 | J7: MÊS 5 | K7: MÊS 6 | L7: MÊS 7 | M7: MÊS 8
A8: 1 | B8: =Orçamento!D8 -> #REF! | D8: Físico % | E8: =E9/$E$49 -> 0.015223084
D9: Financeiro | E9: =Orçamento!K18 -> 4407.6529 | F9: =E9 -> 4407.6529
A10: 2 | B10: =Orçamento!D19 -> INSTALAÇÃO DO CANTEIRO DE OBRAS | D10: Físico % | E10: =E11/$E$49 -> 0.043452808
D11: Financeiro | E11: =Orçamento!K25 -> 12581.215 | F11: =E11 -> 12581.215
A12: 3 | B12: =Orçamento!D26 -> MOVIMENTO DE TERRA | D12: Físico % | E12: =E13/$E$49 -> 0.0062866286
D13: Financeiro | E13: =Orçamento!K32 -> 1820.2144 | F13: =E13 -> 1820.2144
A14: 4 | B14: =Orçamento!D33 -> ESTRUTURAS | D14: Físico % | E14: =E15/$E$49 -> 0.031296216
D15: Financeiro | E15: =Orçamento!K47 -> 9061.4264 | G15: =E15*0.4 -> 3624.5706 | H15: =E15*0.4 -> 3624.5706 | I15: =E15-G15-H15 -> 1812.2853
A16: 5 | B16: =Orçamento!D48 -> PAREDES E PAINÉIS | D16: Físico % | E16: =E17/$E$49 -> 0.080088513
D17: Financeiro | E17: =Orçamento!K55 -> 23188.624 | G17: =E17*0.2 -> 4637.7247 | H17: =E17*0.4 -> 9275.4495 | I17: =E17*0.4 -> 9275.4495
A18: 6 | B18: =Orçamento!D56 -> ESQUADRIAS DE MADEIRA | D18: Físico % | E18: =E19/$E$49 -> 0.0078706918
D19: Financeiro | E19: =Orçamento!K61 -> 2278.86 | J19: =E19*0.5 -> 1139.43 | K19: =E19*0.5 -> 1139.43
A20: 7 | B20: =Orçamento!D62 -> ESQUADRIAS METÁLICAS | D20: Físico % | E20: =E21/$E$49 -> 0.064781106
D21: Financeiro | E21: =Orçamento!K71 -> 18756.556 | K21: =E21*0.5 -> 9378.278 | L21: =E21*0.5 -> 9378.278
A22: 8 | B22: =Orçamento!D72 -> VIDROS E ESPELHOS | D22: Físico % | E22: =E23/$E$49 -> 0.0093262258
D23: Financeiro | E23: =Orçamento!K77 -> 2700.2916 | M23: =E23 -> 2700.2916
A24: 9 | B24: =Orçamento!D78 -> SISTEMAS DE COBERTURA | D24: Físico % | E24: =E25/$E$49 -> 0.084092791
D25: Financeiro | E25: =Orçamento!K85 -> 24348.012 | I25: =E25*0.5 -> 12174.006 | J25: =E25*0.5 -> 12174.006
A26: 10 | B26: =Orçamento!D86 -> IMPERMEABILIZAÇÃO | D26: Físico % | E26: =E27/$E$49 -> 0.020047718
D27: Financeiro | E27: =Orçamento!K89 -> 5804.565 | H27: =E27*0.5 -> 2902.2825 | I27: =E27*0.5 -> 2902.2825
A28: 11 | B28: =Orçamento!D90 -> TETOS E FORROS | D28: Físico % | E28: =E29/$E$49 -> 0.082321912
D29: Financeiro | E29: =Orçamento!K99 -> 23835.276 | L29: =E29 -> 23835.276
A30: 12 | B30: =Orçamento!D100 -> REVESTIMENTO DE PAREDES | D30: Físico % | E30: =E31/$E$49 -> 0.060476245
D31: Financeiro | E31: =Orçamento!K109 -> 17510.138 | J31: =E31*0.5 -> 8755.0688 | K31: =E31*0.5 -> 8755.0688
A32: 13 | B32: =Orçamento!D110 -> PISOS INTERNOS E EXTERNOS | D32: Físico % | E32: =E33/$E$49 -> 0.048086268
D33: Financeiro | E33: =Orçamento!K119 -> 13922.775 | J33: =E33*0.4 -> 5569.1101 | K33: =E33*0.4 -> 5569.1101 | L33: =E33*0.2 -> 2784.555
A34: 14 | B34: =Orçamento!D120 -> INSTALAÇÕES HIDRO-SANITÁRIAS | D34: Físico % | E34: =E35/$E$49 -> 0.030357094
D35: Financeiro | E35: =Orçamento!K145 -> 8789.5156 | I35: =E35 -> 8789.5156
A36: 15 | B36: =Orçamento!D146 -> INSTALAÇÕES ELÉTRICAS | D36: Físico % | E36: =E37/$E$49 -> 0.072450939
D37: Financeiro | E37: =Orçamento!K184 -> 20977.26 | I37: =E37*0.5 -> 10488.63 | J37: =E37*0.5 -> 10488.63
A38: 16 | B38: =Orçamento!D185 -> APARELHOS HIDRO-SANITÁRIOS | D38: Físico % | E38: =E39/$E$49 -> 0.03895291
D39: Financeiro | E39: =Orçamento!K205 -> 11278.326 | M39: =E39 -> 11278.326
A40: 17 | B40: =Orçamento!D206 -> APARELHOS ELÉTRICOS | D40: Físico % | E40: =E41/$E$49 -> 0.022976406
D41: Financeiro | E41: =Orçamento!K219 -> 6652.53 | M41: =E41 -> 6652.53
A42: 18 | B42: =Orçamento!D220 -> PINTURA | D42: Físico % | E42: =E43/$E$49 -> 0.051227248
D43: Financeiro | E43: =Orçamento!K229 -> 14832.207 | L43: =E43*0.5 -> 7416.1033 | M43: =E43*0.5 -> 7416.1033
A44: 19 | B44: =Orçamento!D230 -> SERVIÇOS COMPLEMENTARES EXTERNOS | D44: Físico % | E44: =E45/$E$49 -> 0.20160485
D45: Financeiro | E45: =Orçamento!K237 -> 58372.152 | K45: =E45*0.6 -> 35023.291 | L45: =E45*0.2 -> 11674.43 | M45: =E45*0.2 -> 11674.43
A46: 20 | B46: =Orçamento!D238 -> SERVIÇOS COMPLEMENTARES INTERNOS | D46: Físico % | E46: =E47/$E$49 -> 0.02908035
D47: Financeiro | E47: =Orçamento!K243 -> 8419.8504 | M47: =E47 -> 8419.8504
A48: TOTAL | D48: Físico % | E48: =E49/$E$49 -> 1 | F48: =F49/$E$49 -> 0.06496252 | G48: =G49/$E$49 -> 0.028536189 | H48: =H49/$E$49 -> 0.05457775 | I48: =I49/$E$49 -> 0.15694747 | J48: =J49/$E$49 -> 0.13167984 | K48: =K49/$E$49 -> 0.20676144 | L48: =L49/$E$49 -> 0.19026431 | M48: =M49/$E$49 -> 0.16627049
D49: Financeiro | E49: =E9+E11+E13+E15+E17+E19+E21+E23+E25+E27+E29+E31+E33+E35+E37+E39+E41+E43+E45+E47 -> 289537.45 | F49: =F9+F11+F13 -> 18809.082 | G49: =G15+G17 -> 8262.2953 | H49: =H15+H17+H27 -> 15802.303 | I49: =I15+I17+I25+I27+I35+I37 -> 45442.169 | J49: =J19+J25+J31+J33+J37 -> 38126.245 | K49: =K19+K21+K31+K33+K45 -> 59865.178 | L49: =L21+L29+L33+L43+L45 -> 55088.643 | M49: =M23+M39+M41+M43+M45+M47 -> 48141.532
D50: Financeiro Acumulado | E50: =E49 -> 289537.45 | F50: =F49 -> 18809.082 | G50: =F50+G49 -> 27071.378 | H50: =G50+H49 -> 42873.68 | I50: =H50+I49 -> 88315.849 | J50: =J49+I50 -> 126442.09 | K50: =J50+K49 -> 186307.27 | L50: =K50+L49 -> 241395.91 | M50: =L50+M49 -> 289537.45
A53: =Orçamento!A248 -> São Domingos do Norte/ES, 29 de abril de 2019.
A56: DAMARES AUGUSTA MUNERAT
A57: ARQUITETA E URBANISTA - CAU A98087-0
